 Dungeon Crawl Stone Soup version 0.29.1-1-gd02db6906a (webtiles) character file.

Game seed: 11262224024110258649

3432 hikkokomori the Arsonist (level 9, -2/82 HPs)
             Began as a Red Draconian Fire Elementalist on Oct 5, 2022.
             Was a Priest of Elyvilon.
             Slain by an orc warrior
             ... wielding a +0 war axe
              (5 damage)
             ... in a bailey.
             The game lasted 00:32:09 (10961 turns).

hikkokomori the Arsonist (DrFE)                    Turns: 10961, Time: 00:32:09

Health: -2/82      AC:  9    Str: 14    XL:     9   Next: 77%
Magic:  10/12      EV: 11    Int: 20    God:    Elyvilon [***...]
Gold:   692        SH:  3    Dex: 12    Spells: 6/12 levels left

rFire   + . .      SeeInvis .   a - +6 hand axe of Midnight {vorpal, Str+4}
rCold   . . .      Faith    .   y - +0 buckler
rNeg    . . .      Spirit   .   (body armour unavailable)
rPois   .          Reflect  .   (helmet restricted)
rElec   .          Harm     .   (no cloak)
rCorr   .          Rampage  .   (no gloves)
Will    .....                   z - +1 pair of boots
Stlth   ++........              f - amulet of magic regeneration
HPRegen 0.23/turn               (no ring)
MPRegen 0.53/turn               (no ring)

@: no status effects
A: breathe fire, AC +7, unfitting armour, fire resistance 1, cold-blooded
a: Breathe Fire, Renounce Religion, Purification, Heal Other, Heal Self


You were in a bailey.
You worshipped Elyvilon.
Elyvilon was most pleased with you.
You visited 2 branches of the dungeon, and saw 9 of its levels.
You also visited: Bailey.

You collected 692 gold pieces.

Inventory:

Hand Weapons
 a - the +6 hand axe of Midnight (weapon) {vorpal, Str+4}
   (You found it on level 8 of the Dungeon)

   It inflicts extra damage upon your enemies.
   Str:       It affects your strength (+4).
 c - a +0 dagger
 o - the +10 dark maul {vorpal}
   (You took it off a kobold brigand in a bailey)

   It inflicts extra damage upon your enemies.
 r - a +0 arbalest
 v - a +5 long sword
Missiles
 d - 4 javelins
 n - 4 curare-tipped darts
 s - 4 datura-tipped darts
 C - 10 atropa-tipped darts
Armour
 y - a +0 buckler (worn)
 z - a +1 pair of boots (worn)
Magical Staves
 w - a staff of fire
Jewellery
 f - an amulet of magic regeneration (around neck)
Wands
 m - a wand of iceblast (6)
 q - a wand of flame (5)
Scrolls
 e - a scroll of teleportation
 p - a scroll of enchant armour
 u - a scroll of vulnerability
 A - a scroll of identify
Potions
 b - 4 potions of haste
 g - a potion of invisibility {unknown}
 h - a potion of berserk rage {unknown}
 i - 2 potions of degeneration {unknown}
 j - a potion of might {unknown}
 k - 5 potions of curing {unknown}
 l - 3 potions of heal wounds {unknown}
 t - a potion of brilliance {unknown}
 x - a potion of flight {unknown}
 B - a potion of lignification {unknown}
 E - a potion of cancellation {unknown}


   Skills:
 + Level 8.5 Fighting
 - Level 2.0 Ranged Weapons
 - Level 1.7 Dodging
 - Level 1.7 Stealth
 - Level 2.0 Spellcasting
 - Level 3.7 Conjurations
 - Level 1.4 Necromancy
 + Level 10.0 Fire Magic
 - Level 1.4 Earth Magic
 + Level 6.4 Evocations


You had 6 spell levels left.
You knew the following spells:

 Your Spells              Type           Power      Damage    Failure   Level
a - Foxfire               Conj/Fire      100%       2x1d9     1%          1
b - Conjure Flame         Conj/Fire      29%        6-21      3%          3
d - Scorch                Fire           84%        2d9       1%          2

Your spell library contained the following spells:

 Spells                   Type           Power      Damage    Failure   Level
 Inner Flame              Hex/Fire       22%        N/A       9%          3
 Flame Wave               Conj/Fire      29%        2d9       12%         4
 Portal Projectile        Hex/Tloc       4%         N/A       54%         3
 Tukima's Dance           Hex            2%         N/A       54%         3
 Animate Dead             Necr           7%         N/A       75%         4
 Borgnjor's Vile Clutch   Necr/Erth      3%         N/A       97%         5
 Blade Hands              Tmut           1%         N/A       99%         5
 Death Channel            Necr           3%         N/A       100%        6
 Malign Gateway           Summ/Tloc      1%         N/A       100%        7
 Summon Horrible Things   Summ           1%         N/A       100%        8


Dungeon Overview and Level Annotations

Branches:
Dungeon (8/15)             Temple (1/1) D:5          Bailey (1/1)
   Lair: D:8-11

Altars:
Ashenzari
Cheibriados
Dithmenos
Elyvilon
Fedhas
Gozag
Makhleb
Okawaru
Qazlal
Ru
Sif Muna
Trog
Uskayaw
Vehumet
Wu Jian
Xom
Yredelemnul
Zin


Innate Abilities, Weirdness & Mutations

You can breathe blasts of fire.
Your fiery red scales are hard. (AC +7)
You cannot fit into any form of body armour.
Your flesh is heat resistant. (rF+)
You are cold-blooded and may be slowed by cold attacks.


Message History

The iceblast engulfs the orc warrior!!
The orc warrior is almost dead.
Casting: Scorch (safe; 1% risk of failure)
Confirm with . or Enter, or press ? or * to list all spells.
Flames lash the orc warrior but do no damage.
The kobold brigand throws a curare-tipped dart.
The curare-tipped dart hits you.
You are poisoned.
You have difficulty breathing.
You feel yourself slow down.
Casting: Scorch (safe; 1% risk of failure)
Confirm with . or Enter, or press ? or * to list all spells.
Flames lash the orc warrior.
The orc warrior is heavily wounded.
The orc warrior's fire resistance burns away.
You feel very sick.
The kobold brigand throws a curare-tipped dart.
The curare-tipped dart hits you.
You are more poisoned.
You have difficulty breathing.
You feel as though you will be slow longer.
The orc warrior hits you but does no damage.
The orc warrior hits you with a +0 war axe!!
Aiming: Iceblast
Press: ? - help, Shift-Dir - straight line, p - orc warrior
Okay, then.
The orc warrior attacks as you move away!
The orc warrior hits you with a +0 war axe!
You feel very sick.
The orc warrior is no longer more vulnerable to fire.
The orc warrior attacks as you move away!
The orc warrior hits you with a +0 war axe!
* * * LOW HITPOINT WARNING * * *
You feel very sick. The orc warrior barely misses you.
The orc warrior closely misses you.
There is an open door here.
You feel purified!
The orc warrior hits you with a +0 war axe!
* * * LOW HITPOINT WARNING * * *
The orc warrior hits you with a +0 war axe.
You die...

#....~~.......~~....#
#####~~.......~~#####
##~.......~##
####'''#### ##.....##
#∩.....∩# #...8...#
##.....## ###@###
####ooK####
#.........#
#.............#
#...............
#...............
##.............#
###..).(.[(.###
####._.####


You could see 2 orc warriors and a kobold brigand.

Vanquished Creatures
  An orc knight (Bailey)
  Pikel (D:5)
  Grinder (D:3)
  A wyvern (D:5)
  A water moccasin (D:7)
  A sky beast (D:7)
  2 orc warriors (Bailey)
  2 ice beasts
  An ogre (D:4)
  A centaur (D:6)
  2 lemures (D:5)
  2 phantoms
  5 kobold brigands (Bailey)
  2 necrophages
  5 scorpions
  A wight (D:4)
  A jelly (D:6)
  An orc priest (D:7)
  2 hounds (D:5)
  4 orc wizards
  3 iguanas
  Robin (D:1)
  3 gnolls (D:4)
  7 adders
  A white imp (D:5)
  3 ufetubi
  3 worms
  4 dart slugs
  18 orcs
  4 bats
  6 endoplasms
  5 giant cockroaches
  12 goblins
  8 hobgoblins
  2 jackals (D:4)
  2 quokkas (D:1)
  8 ball pythons
  A frilled lizard (D:1)
  12 kobolds
  6 rats
146 creatures vanquished.

Vanquished Creatures (others)
  152 foxfires
  A plant (D:2)
153 creatures vanquished.

Grand Total: 299 creatures vanquished

Notes
Turn   | Place    | Note
-------+----------+-------------------------------------------
     0 | D:1      | hikkokomori the Draconian Fire Elementalist began the quest
                  | for the Orb.
     0 | D:1      | Reached XP level 1. HP: 14/14 MP: 3/3
   409 | D:1      | Reached XP level 2. HP: 22/22 MP: 5/5
   596 | D:1      | Found a faded altar of an unknown god.
   602 | D:1      | Reached skill level 1 in Fighting
  1150 | D:2      | Reached XP level 3. HP: 8/28 MP: 1/6
  1830 | D:2      | Noticed Robin
  1866 | D:1      | Killed Robin
  2119 | D:2      | Reached XP level 4. HP: 36/36 MP: 4/7
  2636 | D:3      | Found a white marble altar of Elyvilon.
  2648 | D:3      | Became a worshipper of Elyvilon the Healer
  2801 | D:3      | Noticed Grinder
  2809 | D:3      | Paralysed by Grinder for 2 turns
  2814 | D:3      | Paralysed by Grinder for 2 turns
  2824 | D:3      | Paralysed by Grinder for 2 turns
  2836 | D:3      | Killed Grinder
  2837 | D:3      | Reached skill level 4 in Fire Magic
  2837 | D:3      | Reached XP level 5. HP: 22/45 MP: 0/8
  2837 | D:3      | Reached XP level 6. HP: 25/51 MP: 0/9
  3239 | D:3      | Found a hide-covered altar of Uskayaw.
  3577 | D:3      | Reached * piety under Elyvilon
  3903 | D:4      | Learned a level 3 spell: Conjure Flame
  3909 | D:4      | Learned a level 5 spell: Borgnjor's Vile Clutch
  4319 | D:4      | Reached ** piety under Elyvilon
  4443 | D:4      | Reached skill level 1 in Ranged Weapons
  4443 | D:4      | Reached skill level 1 in Necromancy
  4443 | D:4      | Reached skill level 5 in Fire Magic
  4443 | D:4      | Reached skill level 1 in Earth Magic
  4443 | D:4      | Your scales start taking on a fiery red colour.
  4443 | D:4      | Reached skill level 6 in Fire Magic
  4443 | D:4      | Reached XP level 7. HP: 31/59 MP: 0/10
  4443 | D:4      | Gained mutation: Your flesh is heat resistant. (rF+) [Red
                  | Draconian growth]
  4966 | D:4      | Found a stormy altar of Qazlal.
  5695 | D:5      | Entered Level 5 of the Dungeon
  5713 | D:5      | Noticed Pikel
  5853 | D:5      | Reached skill level 1 in Evocations
  6549 | D:5      | Noticed a wyvern
  6559 | D:5      | Killed a wyvern
  6559 | D:5      | Elyvilon protects you from harm!
  6560 | D:5      | Reached skill level 5 in Fighting
  6560 | D:5      | Reached skill level 7 in Fire Magic
  6560 | D:5      | Reached XP level 8. HP: 21/68 MP: 11/11
  6790 | D:5      | Found a staircase to the Ecumenical Temple.
  6808 | D:5      | Learned a level 2 spell: Scorch
  6973 | Temple   | Entered the Ecumenical Temple
  7085 | D:5      | Killed Pikel
  7752 | D:6      | Reached skill level 8 in Fire Magic
  7873 | D:6      | Reached *** piety under Elyvilon
  7988 | D:6      | Found a shimmering blue altar of Sif Muna.
  8373 | D:7      | Reached XP level 9. HP: 75/79 MP: 12/12
  8767 | D:7      | Found a broken altar of Ashenzari.
  8842 | D:7      | Found a shadowy altar of Dithmenos.
  8892 | D:7      | Reached skill level 5 in Evocations
  8992 | D:7      | Found an opulent altar of Gozag.
  9188 | D:7      | Reached skill level 9 in Fire Magic
  9904 | D:8      | Found a flagged portal.
  9911 | D:8      | Identified the +6 hand axe of Midnight {vorpal, Str+4}
 10008 | Bailey   | Entered a bailey
 10412 | Bailey   | Noticed an orc knight
 10427 | Bailey   | Killed an orc knight
 10531 | Bailey   | HP: 2/81 [kobold brigand/+0 war axe (4)]
 10792 | Bailey   | Reached skill level 10 in Fire Magic
 10953 | Bailey   | Found a burning altar of Makhleb.
 10961 | Bailey   | HP: 3/82 [orc warrior/+0 war axe (11)]
 10961 | Bailey   | Slain by an orc warrior

Illustrated notes

Levels and vault maps discovered:
D:1:      giann_bridges, layout_basic,
          dreamdust_ecumenical_altar_hidden_monk_grotto
D:2:      layout_basic, grunt_decor_mini_mirrors, serial_bayou_lake_a,
          uniq_robin
D:3:      layout_basic, lemuel_crystal_altar, eat_drink_and_be_merry_uskayaw,
          uniq_grinder
D:4:      minmay_clustersquares, layout_layer_cave, lemuel_crystal_altar
D:5:      layout_basic, minmay_temple_entry_mini_moons, uniq_pikel
D:6:      layout_rooms, nicolae_sif_muna_condensation
D:7:      layout_basic, kennysheep_mini_moat, old_standard_altar,
          mainiacjoe_overflow_concentric_impassable
D:8:      layout_basic, mainiacjoe_overflow_tiny_flanked, enter_bailey_2,
          uniq_maggie
Temple:   minmay_freezing_vapour_temple
Bailey:   bailey_axe_3, bailey

Skill      XL: |  1  2  3  4  5  6  7  8  9 |
---------------+----------------------------+-----
Fighting       | 1 2 3 4 5 7 8 |  8.5
Conjurations   | 2 3 |  3.7
Fire Magic     | 4 6 7 8 10 | 10.0
Ranged Weapons | 1 2 |  2.0
Necromancy     | 1 |  1.4
Earth Magic    | 1 |  1.4
Evocations     | 2 4 6 |  6.4
Dodging        | |  1.7
Stealth        | |  1.7
Spellcasting   | |  2.0

Action                   |  1- 3 |  4- 6 |  7- 9 || total
-------------------------+-------+-------+-------++-------
Melee: Dagger            |    88 |    88 |       ||   176
       Tailslap          |     7 |    11 |    17 ||    35
       Punch             |     2 |     1 |       ||     3
       Long sword        |       |       |   117 ||   117
       Staff             |       |       |    10 ||    10
       Hand axe          |       |       |     7 ||     7
 Fire: Arbalest          |       |    43 |     2 ||    45
Throw: Javelin           |     5 |     1 |     1 ||     7
 Cast: Foxfire           |    23 |    30 |    33 ||    86
       Conjure Flame     |       |     7 |     3 ||    10
       Scorch            |       |       |    55 ||    55
Invok: Purification      |       |       |     4 ||     4
       Heal Self         |       |       |     1 ||     1
 Abil: Breathe Fire      |       |       |    17 ||    17
Evoke: Wand              |       |     1 |    15 ||    16
  Use: Scroll            |     1 |       |    11 ||    12
       Potion            |     1 |       |       ||     1
 Stab: Sleeping          |     6 |     3 |       ||     9
Armor: Skin              |    25 |    41 |    76 ||   142
Dodge: Dodged            |    63 |    89 |    92 ||   244
Block: Buckler           |       |       |    14 ||    14
